[Event "Early-Titled-Tuesday-Blitz-January-16-2024"]
[Site "Chess.com"]
[Date "2024.01.16"]
[Round "11"]
[White "guillembaches"]
[Black "Kildepiotr"]
[Result "0-1"]
[WhiteElo "2515"]
[BlackElo "2663"]
[TimeControl "180+1"]
[EndTime "10:07:55 PST"]
[Termination "Kildepiotr won by resignation"]

1. d4 c5 2. e3 Nf6 3. Nf3 d5 4. Be2 Bg4 5. h3 Bh5 6. a3 e6 7.
O-O Nc6 8. dxc5 Bxc5 9. b4 Bd6 10. Bb2 O-O 11. c4 a5 12. b5 Nb8 13. Nbd2 Nbd7 14. Nd4 Bg6 15. cxd5 exd5 16. N2f3 Rc8 17.
Rc1 Qe7 18. Rxc8 Rxc8 19. Qb3 Nc5 20. Qa2 Nd3 21. Bxd3 Bxd3 22. Rc1 Rxc1+ 23. Bxc1 Qc7 24. Qd2 Ne4 25. Qd1 Qc3 26. a4 g6 27. g3 Bc4 28.
Kg2 Qa1 29. Qc2 Nc5 30. Nd2 Bd3 0-1

[Event "Early-Titled-Tuesday-Blitz-January-16-2024"]
[Site "Chess.com"]
[Date "2024.01.16"]
[Round "11"]
[White "doctorcristian"]
[Black "gabduschew"]
[Result "0-1"]
[WhiteElo "2546"]
[BlackElo "2467"]
[TimeControl "180+1"]
[EndTime "10:08:03 PST"]
[Termination "gabduschew won on time"]

1. d4 Nc6 2. Nf3 d6 3. c4 Bg4 4. e3 e5 5. Be2 Nf6 6. O-O Be7 7. Nc3 O-O 8. d5 Nb8 9. e4 Nbd7 10. Be3 a5 11. Nd2 Bxe2 12. Qxe2 c6 13. f3 Nh5 14.
g3 Bg5 15. Kh1 Bxe3 16. Qxe3 Qf6 17. Rf2 a4 18. Rg1 g6 19. Kg2 Nc5 20. Rb1 Qe7 21. b4 axb3 22. axb3 Ra3 23. Qe2 Qg5 24. Kh1 Rfa8 25.
Nf1 Nxb3 26. dxc6 bxc6 27. h4 Nxg3+ 28. Nxg3 Qxg3 29. h5 Nd4 30. Qe3 Rxc3 31. Qxc3 Qxf2 32. h6 Nxf3 0-1

[Event "Early-Titled-Tuesday-Blitz-January-16-2024"]
[Site "Chess.com"]
[Date "2024.01.16"]
[Round "11"]
[White "Balla_Tamas"]
[Black "GrotBchess"]
[Result "0-1"]
[WhiteElo "2447"]
[BlackElo "2327"]
[TimeControl "180+1"]
[EndTime "10:08:07 PST"]
[Termination "GrotBchess won by resignation"]

1. e4 e6 2. d4 d5 3. Nd2 Nf6 4. e5 Nfd7 5. Bd3 c5 6. c3 Nc6 7.
Ne2 Rb8 8. O-O b5 9. f4 g6 10.
g4 cxd4 11. cxd4 Qb6 12. Nf3 h5 13. h3 hxg4 14. hxg4 Be7 15. f5 Ncxe5 16. fxe6 fxe6 17. Bf4 Nxf3+ 18. Rxf3 e5 19. Bg3 e4 20. Bxb8 exf3 21. Nf4 Qxb8 22. Qxf3 Qd6 23. Bxg6+ Kd8 24. Rc1 Bg5 25. Qc3 Qxf4 26. Qxc8+ Ke7 27. Re1+ Qe3+ 0-1

[Event "Early-Titled-Tuesday-Blitz-January-16-2024"]
[Site "Chess.com"]
[Date "2024.01.16"]
[Round "11"]
[White "kidagent"]
[Black "Rodalquilar"]
[Result "0-1"]
[WhiteElo "2310"]
[BlackElo "2750"]
[TimeControl "180+1"]
[EndTime "10:08:08 PST"]
[Termination "Rodalquilar won by resignation"]

1. c4 e6 2. g3 d5 3. Bg2 Nf6 4. Nf3 Be7 5. O-O O-O 6. b3 a5 7. Bb2 a4 8. Qc2 a3 9. Bc3 c5 10. e3 Nc6 11. d4 cxd4 12. exd4 Bd7 13. Nbd2 Nb4 14. Qb1 Qb6 15. Rd1 Rfc8 16. c5 Qa5 17. Ne1 b6 18. Nd3 bxc5 19. dxc5 Bxc5 20. Nxc5 Qxc5 21.
Rc1 Qb5 22. Bf1 Qb6 23. Bxf6 gxf6 24. Rxc8+ Rxc8 25. Qd1 Qd4 26. Nf3 Qxd1 27. Rxd1 Nxa2 28. Ra1 Rc2 29. Ne1 Rb2 30. b4 Nxb4 31. Rxa3 Rb1 32. Re3 d4 33. Re4 e5 34. Kg2 Bc6 0-1

[Event "Early-Titled-Tuesday-Blitz-January-16-2024"]
[Site "Chess.com"]
[Date "2024.01.16"]
[Round "11"]
[White "Manukyan_Artak"]
[Black "Yurasova_Daria"]
[Result "1-0"]
[WhiteElo "2558"]
[BlackElo "2442"]
[TimeControl "180+1"]
[EndTime "10:08:11 PST"]
[Termination "Manukyan_Artak won by resignation"]

1. e4 e5 2. Nf3 Nc6 3. d4 exd4 4. Nxd4 Nf6 5. Nxc6 bxc6 6. e5 Qe7 7. Qe2 Nd5 8. c4 Ba6 9. b3 g6 10. g3 Bg7 11.
Bb2 O-O 12. Bg2 Rae8 13. O-O Bxe5 14. Qxe5 Qxe5 15. Bxe5 Rxe5 16. cxd5 Bxf1 17. Kxf1 cxd5 18. Nc3 c6 19. Rc1 f5 20. Na4 f4 21. Nc5 fxg3 22. hxg3 Rf7 23. Bh3 Ree7 24. Bxd7 Rxd7 25. Nxd7 Rxd7 26.
Rxc6 Kf7 27. Ke2 Ke7 28. Ke3 Rd6 29. Rc7+ Rd7 30. Rxd7+ Kxd7 31. Kd4 Kd6 32. b4 h5 33. f4 Ke6 34. b5 Kf5 35. a4 Kg4 36. a5 Kxg3 37.
b6 axb6 38. axb6 h4 39. b7 h3 40. b8=Q h2 41. f5+ Kg2 42. Qxh2+ Kxh2 43. fxg6 1-0

[Event "Early-Titled-Tuesday-Blitz-January-16-2024"]
[Site "Chess.com"]
[Date "2024.01.16"]
[Round "11"]
[White "shirovin"]
[Black "RojonR"]
[Result "1-0"]
[WhiteElo "2010"]
[BlackElo "2517"]
[TimeControl "180+1"]
[EndTime "10:08:12 PST"]
[Termination "shirovin won on time"]

1. e4 d6 2. d4 Nf6 3. Nc3 e5 4. Nf3 Nbd7 5. g4 h6 6. Rg1 Be7 7. Be3 c6 8. Qd2 Qc7 9. O-O-O b6 10. h4 Bb7 11. g5 hxg5 12. hxg5 Nh7 13. Bc4 Nhf8 14.
Kb1 b5 15. Bb3 a5 16. a4 b4 17. Ne2 Ng6 18. Rh1 O-O-O 19. d5 cxd5 20. Bxd5 Bxd5 21. Qxd5 Rxh1 22. Rxh1 Rf8 23. Qa8+ Qb8 24. Qa6+ Qb7 25. Qxa5 Bd8 26. Qb5 1-0

[Event "Early-Titled-Tuesday-Blitz-January-16-2024"]
[Site "Chess.com"]
[Date "2024.01.16"]
[Round "11"]
[White "Journey_to_GrandMaster_YT"]
[Black "NastyaHn"]
[Result "0-1"]
[WhiteElo "2506"]
[BlackElo "2356"]
[TimeControl "180+1"]
[EndTime "10:08:14 PST"]
[Termination "NastyaHn won by resignation"]

1. d4 Nf6 2. Nf3 d5 3. e3 c5 4. Bd3 c4 5. Be2 Nc6 6. O-O Bf5 7. a4 e6 8. b3 cxb3 9. cxb3 Bd6 10. Nc3 O-O 11. Ba3 Rc8 12. Bxd6 Qxd6 13. Qd2 a6 14. Rfc1 Rc7 15. h3 h6 16. Ne1 Rfc8 17. Nd3 Nb4 18. Nc5 Nd7 19. N3e4 Bxe4 20. Qxb4 Nxc5 21. dxc5 Rxc5 22. Rxc5 Rxc5 23. Qxb7 a5 24. b4 axb4 25. a5 f5 26. a6 d4 27. Qa7 dxe3 28. fxe3 Qg3 29. Bf1 Rc2 30. Qb8+ Qxb8 31. a7 Qg3 32. a8=Q+ Bxa8 33. Rxa8+ Kh7 34. Rb8 Qf2+ 35. Kh2 Qxf1 0-1

[Event "Early-Titled-Tuesday-Blitz-January-16-2024"]
[Site "Chess.com"]
[Date "2024.01.16"]
[Round "11"]
[White "LaPiToB"]
[Black "Kotofeyca"]
[Result "1-0"]
[WhiteElo "2330"]
[BlackElo "2394"]
[TimeControl "180+1"]
[EndTime "10:08:14 PST"]
[Termination "LaPiToB won on time"]

1. c4 c6 2. d4 d5 3. cxd5 cxd5 4. Bf4 Nf6 5. Nc3 Nc6 6. e3 a6 7. Be2 Bf5 8. g4 Be4 9. Bf3 Bxf3 10. Qxf3 Nb4 11.
Kf1 e6 12. a3 Nd3 13. Qe2 Nxf4 14. exf4 Bd6 15. f5 O-O 16. g5 Ne4 17. Nxe4 dxe4 18. fxe6 Qxg5 19. Qxe4 Rae8 20. Nf3 Qh5 21. Rg1 Qh3+ 22.
Rg2 fxe6 23. Ng5 Qh5 24. Nxe6 Rf7 25. d5 Bc5 26. Kg1 Rfe7 27. Re1 Bd6 28. Qg4 Qf7 29.
f4 g6 30. f5 Kh8 31. fxg6 hxg6 32. Qxg6 Bc5+ 33. Kh1 Qxg6 34. Rxg6 1-0

[Event "Early-Titled-Tuesday-Blitz-January-16-2024"]
[Site "Chess.com"]
[Date "2024.01.16"]
[Round "11"]
[White "KononenkoD"]
[Black "MusicCityMaster"]
[Result "1-0"]
[WhiteElo "2546"]
[BlackElo "2423"]
[TimeControl "180+1"]
[EndTime "10:08:15 PST"]
[Termination "KononenkoD won on time"]

1. e4 e6 2. d4 d5 3. Nc3 Bb4 4. e5 c5 5. a3 Bxc3+ 6. bxc3 Ne7 7.
a4 b6 8. Qg4 cxd4 9. cxd4 Qc7 10. Bd2 Nbc6 11. Nf3 Ng6 12. h4 h5 13. Qg5 Bb7 14.
Bd3 Nce7 15. O-O O-O-O 16. a5 Kb8 17. axb6 axb6 18. Rfb1 Rc8 19. Bb4 Rhd8 20. Qxh5 Qd7 21. Bd6+ Rc7 22. Rxb6 Nc8 23. Bxc7+ Qxc7 24. Rb3 Nf4 25.
Qg5 Nxd3 26. cxd3 Rd7 27. Qxg7 f5 28. Qf8 Qc6 29. Rab1 Ka7 30. Qa3+ Kb8 31. Qb2 Ne7 32. Ng5 Ng6 33. Nxe6 Nxh4 34. Nc5 Rg7 35. Rxb7+ Rxb7 36. Qxb7+ Qxb7 37. Rxb7+ 1-0

[Event "Early-Titled-Tuesday-Blitz-January-16-2024"]
[Site "Chess.com"]
[Date "2024.01.16"]
[Round "11"]
[White "Maftuna2303"]
[Black "Licancabur"]
[Result "1-0"]
[WhiteElo "2402"]
[BlackElo "2497"]
[TimeControl "180+1"]
[EndTime "10:08:15 PST"]
[Termination "Maftuna2303 won on time"]

1. e4 Nf6 2. e5 Nd5 3. d4 d6 4.
Nf3 g6 5. c4 Nb6 6. exd6 cxd6 7. Nc3 Bg7 8. Be2 O-O 9. O-O Nc6 10. Be3 Bg4 11. b3 d5 12. c5 Nc8 13. Rc1 Bxf3 14.
Bxf3 e6 15. Qd2 N8e7 16. Nb5 Nf5 17. g4 a6 18. gxf5 axb5 19. fxe6 fxe6 20. Be2 Qh4 21. f4 b4 22. Bf3 g5 23. fxg5 Nxd4 24. Bg2 Be5 25. Bh1 Qg4+ 26. Bg2 Ne2+ 27. Kh1 Qh4 28. Bh3 Nxc1 29. Bxe6+ Kg7 30. Rxc1 Qe4+ 31. Kg1 Rf3 32. Bf2 Qg4+ 33. Bxg4 1-0

[Event "Early-Titled-Tuesday-Blitz-January-16-2024"]
[Site "Chess.com"]
[Date "2024.01.16"]
[Round "11"]
[White "Bauman_Guy"]
[Black "Mops_2004"]
[Result "1-0"]
[WhiteElo "2904"]
[BlackElo "2671"]
[TimeControl "180+1"]
[EndTime "10:08:17 PST"]
[Termination "Bauman_Guy won by resignation"]

1. e4 c6 2. d4 d5 3. e5 Bf5 4. h4 h5 5. Bd3 Bxd3 6. Qxd3 Qa5+ 7.
Nd2 e6 8. Nf3 Nh6 9. O-O Nf5 10.
a4 Qa6 11. c4 Be7 12. Rd1 O-O 13. b3 c5 14. Qb1 Nxd4 15. Nxd4 cxd4 16. cxd5 exd5 17.
Nf3 Qg6 18. Qxg6 fxg6 19. Rxd4 Rd8 20. Bf4 Nc6 21. Rd2 d4 22. Rad1 Bb4 23. Rd3 Bc3 24.
Ng5 Nb4 25. Rg3 d3 26. Ne6 Rdc8 27. Be3 Bxe5 28. f4 Bf6 29. Rxg6 Rc3 30. f5 Kf7 31. Nxg7 Rg8 32. Nxh5 Be5 33. Re6 Nc6 34. b4 Bc7 35.
Nf6 Rg3 36. Nd5 Bb6 37. Bxb6 1-0

[Event "Early-Titled-Tuesday-Blitz-January-16-2024"]
[Site "Chess.com"]
[Date "2024.01.16"]
[Round "11"]
[White "ural58"]
[Black "Louis-Paulsen-Fan"]
[Result "0-1"]
[WhiteElo "2471"]
[BlackElo "2343"]
[TimeControl "180+1"]
[EndTime "10:08:18 PST"]
[Termination "Louis-Paulsen-Fan won by resignation"]

1. e4 Nf6 2. e5 Nd5 3. d4 d6 4.
c4 Nb6 5. f4 dxe5 6. fxe5 c5 7.
d5 e6 8. Nc3 exd5 9. cxd5 Qh4+ 10. g3 Qd4 11. Bf4 g5 12. Bxg5 Qxe5+ 13. Qe2 Qxe2+ 14. Bxe2 Bg7 15. O-O-O O-O 16. Nf3 Na6 17. Bxa6 bxa6 18. Be7 Re8 19. Bxc5 Bg4 20. Rhf1 Rac8 21. Bd4 Bh6+ 22. Kb1 Nc4 23. Ka1 Be3 24. Rde1 Bxf3 25. Bxe3 Nxe3 26. Rxf3 Nc2+ 27. Kb1 Nxe1 28. Rf6 Nd3 29.
Rxa6 Rc7 30. a3 Rb8 31. Na4 Nxb2 0-1

[Event "Early-Titled-Tuesday-Blitz-January-16-2024"]
[Site "Chess.com"]
[Date "2024.01.16"]
[Round "11"]
[White "Cheer_Down"]
[Black "AlexandraSamaganova"]
[Result "0-1"]
[WhiteElo "2482"]
[BlackElo "2321"]
[TimeControl "180+1"]
[EndTime "10:08:20 PST"]
[Termination "AlexandraSamaganova won by checkmate"]

1. d4 Nf6 2. Nf3 e6 3. Bf4 b6 4.
e3 Bb7 5. Be2 d5 6. Nbd2 Bd6 7.
Bg3 c5 8. c3 Qc7 9. Ne5 Nbd7 10. f4 Ne4 11. Nxe4 dxe4 12. Bb5 Bxe5 13. fxe5 O-O 14. O-O Rfd8 15. Qh5 Nf8 16. Bh4 Rdc8 17. Rf4 Ng6 18. Raf1 Rf8 19. Rg4 cxd4 20. cxd4 Qc2 21. Bg5 a6 22. Rf2 Qd1+ 23. Bf1 Rac8 24. h4 Rc1 25.
Bf6 Kh8 26. Qh6 Rg8 27. h5 Qxg4 28.
hxg6 Qxg6 29. Qh4 gxf6 30. exf6 a5 31. Kh2 Rxf1 32. Rxf1 Qxg2# 0-1

[Event "Early-Titled-Tuesday-Blitz-January-16-2024"]
[Site "Chess.com"]
[Date "2024.01.16"]
[Round "11"]
[White "ChessBliss09"]
[Black "bazar-wokzal"]
[Result "0-1"]
[WhiteElo "2113"]
[BlackElo "2559"]
[TimeControl "180+1"]
[EndTime "10:08:20 PST"]
[Termination "bazar-wokzal won by checkmate"]

1. Nf3 g5 2. Nxg5 e5 3. Nf3 e4 4. Nd4 c5 5. Nb3 d5 6. e3 Nc6 7. d3 exd3 8. cxd3 Nf6 9. d4 c4 10. N3d2 Rg8 11. Nc3 Bg4 12. f3 Be6 13. g3 a6 14. Bg2 b5 15. a3 h5 16. Kf2 Qb6 17. h3 O-O-O 18. a4 b4 19. Ne2 Bd6 20. h4 Rg7 21.
Bh3 Rdg8 22. Bxe6+ fxe6 23. Rg1 Qc7 24. Nf1 Qf7 25.
Qc2 Ne4+ 26. Ke1 Qxf3 27. Nh2 Qf2+ 28. Kd1 Qxh2 29. Rf1 b3 30. Qb1 Qxe2+ 31. Kxe2 Nxg3+ 32. Ke1 Nxf1 33. Kxf1 Rg1+ 34. Kf2 R8g2+ 35. Kf3 Rg3+ 36. Kf2 Nb4 37. Qh7 Nd3+ 38. Ke2 R3g2+ 39. Kf3 Rf2# 0-1

[Event "Early-Titled-Tuesday-Blitz-January-16-2024"]
[Site "Chess.com"]
[Date "2024.01.16"]
[Round "11"]
[White "CrushingKings"]
[Black "GrumbleBruno"]
[Result "1-0"]
[WhiteElo "2655"]
[BlackElo "2477"]
[TimeControl "180+1"]
[EndTime "10:08:21 PST"]
[Termination "CrushingKings won by resignation"]

1. Nf3 Nf6 2. g3 g6 3. b3 Bg7 4.
Bb2 O-O 5. Bg2 Nc6 6. c4 a6 7. d4 Rb8 8. d5 Na5 9. Bc3 c5 10. O-O b5 11. Nbd2 d6 12. Qc2 Bf5 13. e4 Bd7 14. h3 e5 15. dxe6 Bxe6 16. e5 dxe5 17. Bxe5 Bf5 18. Qc3 b4 19. Qb2 Rc8 20. Rad1 Qb6 21.
g4 Bd3 22. Rfe1 Rfe8 23. g5 Nh5 24. Bxg7 Nxg7 25. Ne5 Bf5 26. Ne4 Bxe4 27. Nd7 Qc7 28. Nf6+ Kh8 29. Nxe8 Rxe8 30. Rxe4 1-0

[Event "Early-Titled-Tuesday-Blitz-January-16-2024"]
[Site "Chess.com"]
[Date "2024.01.16"]
[Round "11"]
[White "Leebit02"]
[Black "Alexei_Kornev"]
[Result "0-1"]
[WhiteElo "2572"]
[BlackElo "2713"]
[TimeControl "180+1"]
[EndTime "10:08:22 PST"]
[Termination "Alexei_Kornev won on time"]

1. d4 Nf6 2. c4 g6 3. h4 c5 4. d5 e6 5. Nc3 exd5 6. cxd5 d6 7. e3 Bg7 8. Be2 O-O 9. h5 Re8 10. Nh3 Na6 11. Nf4 Nc7 12. a4 Bf5 13. g4 Bd7 14. Bf3 g5 15. h6 gxf4 16. hxg7 fxe3 17. Bxe3 Re5 18. Qd3 Qe7 19. g5 Bf5 20. gxf6 Qxf6 21. Qd2 Rae8 22. O-O-O Bg6 23. Bg4 b6 24. Bf4 Re4 25.
Bg5 Qe5 26. Rhe1 Rxe1 27. Rxe1 Qxe1+ 28. Qxe1 Rxe1+ 29. Kd2 Rg1 30. f3 h5 31. Ne2 Rg2 32. Bd8 hxg4 33. fxg4 Nxd5 0-1

[Event "Early-Titled-Tuesday-Blitz-January-16-2024"]
[Site "Chess.com"]
[Date "2024.01.16"]
[Round "11"]
[White "Maxfan2008"]
[Black "sergeikim"]
[Result "1-0"]
[WhiteElo "2496"]
[BlackElo "2589"]
[TimeControl "180+1"]
[EndTime "10:08:23 PST"]
[Termination "Maxfan2008 won by resignation"]

1. d4 Nf6 2. c4 g6 3. Nf3 d6 4.
g3 Bg7 5. Bg2 O-O 6. O-O Nbd7 7.
Nc3 e5 8. e4 exd4 9. Nxd4 Re8 10. Re1 Nc5 11. Qc2 c6 12. h3 a5 13. Be3 a4 14. Rad1 Qa5 15. f3 Nfd7 16. Nde2 Ne5 17. b3 axb3 18. axb3 Qb4 19. Rb1 Ra3 20. f4 Ned7 21. Na2 Qa5 22. Nac3 Qc7 23. b4 Ne6 24. Ra1 Rxa1 25. Rxa1 Nb6 26. Qb3 Nf8 27. c5 dxc5 28.
bxc5 Nbd7 29. e5 Ne6 30. Ne4 f6 31. Nd6 Re7 32. Ra8 Nb8 33. Nd4 Bd7 34. f5 gxf5 35. N4xf5 Rf7 36. Nxf7 Kxf7 37. Nd6+ Ke7 38. exf6+ Bxf6 39. Qd3 Nf8 40. Bf4 Qd8 41. Nxb7 Qc8 42. Rxb8 1-0

[Event "Early-Titled-Tuesday-Blitz-January-16-2024"]
[Site "Chess.com"]
[Date "2024.01.16"]
[Round "11"]
[White "stepanosinovsky"]
[Black "yaguigor"]
[Result "0-1"]
[WhiteElo "2378"]
[BlackElo "2616"]
[TimeControl "180+1"]
[EndTime "10:08:23 PST"]
[Termination "yaguigor won on time"]

1. e4 c5 2. Nf3 Nc6 3. Bb5 g6 4. O-O Bg7 5. Re1 Nf6 6. e5 Nd5 7. Bxc6 dxc6 8. h3 O-O 9. d3 h6 10. Nbd2 b6 11. Ne4 Be6 12. Ng3 Nc7 13. Re4 f5 14. Rh4 g5 15. Bxg5 hxg5 16. Nxg5 Qe8 17. Nh5 Qg6 18. Nxg7 Qxg5 19. Nxe6 Nxe6 20. Rh5 Qg6 21.
Kh2 Nf4 22. g4 Nxh5 23. gxh5 Qe6 24. h6 Qxe5+ 25. Kh1 Kh7 26. Qf3 Qd5 0-1

[Event "Early-Titled-Tuesday-Blitz-January-16-2024"]
[Site "Chess.com"]
[Date "2024.01.16"]
[Round "11"]
[White "Soledadense88"]
[Black "Ural_bogatyr"]
[Result "0-1"]
[WhiteElo "2410"]
[BlackElo "2542"]
[TimeControl "180+1"]
[EndTime "10:08:24 PST"]
[Termination "Ural_bogatyr won by resignation"]

1. d4 Nf6 2. Nc3 d5 3. Bf4 a6 4. e3 b5 5. a3 e6 6. Nf3 Bb7 7. Ne5 Nbd7 8. b4 Bd6 9. Nxd7 Qxd7 10. Bd3 O-O 11. O-O Qe7 12. Rb1 e5 13. Bg5 e4 14.
Be2 c6 15. Na2 Bc8 16. Bh4 Bf5 17. Nc1 a5 18. c3 axb4 19. axb4 Ra3 20. Nb3 Rfa8 21.
Bg3 Bxg3 22. fxg3 Bd7 23. Qd2 Be8 24. Na5 Qc7 25. Qb2 Ra4 26. Bd1 R4xa5 27. bxa5 Rxa5 28. Be2 Nd7 29. Ra1 Rxa1 30. Rxa1 Nb6 31. Qb4 Na4 32. Bd1 h6 33. Bxa4 bxa4 34. Qxa4 Kh7 35. Qb4 Qd8 36.
Qf8 Kg6 37. h3 Qb8 38. Kh2 h5 39. Qxf7+ Bxf7 40. Ra6 h4 41. Rxc6+ Kh7 0-1

[Event "Early-Titled-Tuesday-Blitz-January-16-2024"]
[Site "Chess.com"]
[Date "2024.01.16"]
[Round "11"]
[White "KNVB"]
[Black "only_strong_moves"]
[Result "1-0"]
[WhiteElo "2699"]
[BlackElo "2548"]
[TimeControl "180+1"]
[EndTime "10:08:25 PST"]
[Termination "KNVB won by resignation"]

1. d4 Nf6 2. Bf4 e6 3. e3 c5 4. c3 Nc6 5. Nf3 d5 6. Nbd2 Nh5 7. Be5 f6 8. Bg3 g6 9. Bd3 cxd4 10. exd4 Bd6 11. O-O Nf4 12. Bc2 O-O 13. c4 b6 14.
cxd5 exd5 15. Bb3 Kg7 16. Re1 Na5 17. Bc2 Ba6 18. Nb1 Re8 19. Nc3 Rxe1+ 20. Qxe1 Nc4 21. Bxf4 Bxf4 22. Nxd5 Qxd5 23. Be4 Qd8 24. Bxa8 Qxa8 25. Qe7+ Kg8 26. Qe6+ Kg7 27. Qe7+ Kg8 28. Qxf6 Bh6 29. Qe6+ Kh8 30. Re1 Bb7 31. Qf7 Bc6 32. Qxc4 Bxf3 33. gxf3 Bd2 34. Re4 Qf8 35. Qe6 Qxf3 36. Qe8+ Kg7 37.
Qe7+ Kh6 38. Rh4+ Qh5 39. Rxh5+ Kxh5 40. Qe6 Bf4 41. Kg2 Bg5 42. d5 Bf4 43. d6 Bg5 44. d7 Bd8 45. Qe8 Bg5 46. d8=Q Bxd8 47. Qxd8 1-0

[Event "Early-Titled-Tuesday-Blitz-January-16-2024"]
[Site "Chess.com"]
[Date "2024.01.16"]
[Round "11"]
[White "Payyappat"]
[Black "1mbl4"]
[Result "1-0"]
[WhiteElo "2458"]
[BlackElo "2554"]
[TimeControl "180+1"]
[EndTime "10:08:28 PST"]
[Termination "Payyappat won by checkmate"]

1. e4 e5 2. Nf3 Nc6 3. Bc4 Nf6 4. d4 exd4 5. e5 d5 6. Bb5 Ne4 7. Nxd4 Bd7 8. Bxc6 bxc6 9. O-O Be7 10. f3 Nc5 11. Be3 O-O 12. f4 Ne4 13. Nd2 Nxd2 14. Qxd2 c5 15. Nb3 c4 16. Nd4 c5 17.
Nf3 d4 18. Bf2 Bc6 19. c3 d3 20. Be3 Qd5 21. Rad1 Rab8 22. Qf2 Rfd8 23. f5 f6 24. Qg3 fxe5 25. Nxe5 Bd6 26. f6 Rd7 27. f7+ Rxf7 28. Rxf7 Bxe5 29. Rxg7+ Bxg7 30. Qxb8+ Kf7 31. Qg3 Be5 32.
Qf2+ Ke7 33. Bxc5+ Kd7 34. Bd4 Bxh2+ 35. Kxh2 Qh5+ 36.
Kg3 Qxd1 37. Qf7+ Kc8 38. Qe6+ Kb7 39. Qe7+ Kc8 40. Be5 Qe1+ 41. Kh2 Bd7 42. Qc5+ Kd8 43. Qf8+ Be8 44. Qf6+ Kc8 45. Qa6+ Kd8 46. Qa5+ Ke7 47. Qc5+ Kd8 48. Qc7# 1-0

[Event "Early-Titled-Tuesday-Blitz-January-16-2024"]
[Site "Chess.com"]
[Date "2024.01.16"]
[Round "11"]
[White "NelsonLinda"]
[Black "AttilaTurzo"]
[Result "0-1"]
[WhiteElo "2590"]
[BlackElo "2502"]
[TimeControl "180+1"]
[EndTime "10:08:29 PST"]
[Termination "AttilaTurzo won by resignation"]

1. b3 d5 2. Bb2 c6 3. Nf3 Bf5 4. g3 e6 5. Bg2 Nf6 6. O-O Be7 7. d3 Nbd7 8. Nbd2 h6 9. Re1 O-O 10. e4 Bh7 11. Qe2 a5 12. a3 b5 13. h4 Qb6 14. e5 Ne8 15. h5 a4 16.
b4 c5 17. c3 Rc8 18. Rac1 Nc7 19. Nf1 Na6 20. Ne3 Nab8 21. Ng4 Nc6 22. Qd2 Rfe8 23. Qf4 Bxd3 24. Rcd1 Bf5 25. Ne3 Be4 26. g4 Bxf3 27.
Bxf3 Ndxe5 28. Bg2 Bg5 29. Qg3 Bxe3 30. Rxe3 Nc4 31.
Re2 cxb4 32. cxb4 Nxb2 33. Rxb2 Qb8 34. f4 Ne7 35. Rbd2 Rc4 36. Rf1 Rec8 37. Rd3 Qc7 38. Rff3 Rc1+ 39. Kh2 Qc2 40. Rf2 Qc4 41. Rff3 d4 42. g5 Nf5 43. Qf2 Rc3 44. Bh3 Rxd3 0-1

[Event "Early-Titled-Tuesday-Blitz-January-16-2024"]
[Site "Chess.com"]
[Date "2024.01.16"]
[Round "11"]
[White "AndresDelgado77"]
[Black "toninhojit"]
[Result "0-1"]
[WhiteElo "2374"]
[BlackElo "2398"]
[TimeControl "180+1"]
[EndTime "10:08:33 PST"]
[Termination "toninhojit won by resignation"]

1. e4 e5 2. Nc3 Nc6 3. f4 exf4 4.
d4 g5 5. h4 Bg7 6. d5 Ne5 7.
hxg5 Qxg5 8. Nce2 d6 9. Bxf4 Qe7 10. Nd4 Ng6 11. Bb5+ Kf8 12. Nde2 Nxf4 13. Nxf4 Qxe4+ 14. Nge2 Bg4 15. O-O Nh6 16. Bd3 Qe3+ 17. Kh1 Re8 18. Re1 Qf2 19. Rf1 Qh4+ 20. Kg1 Bd4+ 21. Nxd4 Bxd1 22. Nfe6+ Kg8 23. Rf4 Bg4 24. Be2 fxe6 25. Bxg4 Nxg4 26. Nxe6 Qh2+ 27. Kf1 Qh1+ 28. Ke2 Rxe6+ 29.
dxe6 Qxa1 30. Rxg4+ Kf8 31. Rf4+ Ke7 0-1

[Event "Early-Titled-Tuesday-Blitz-January-16-2024"]
[Site "Chess.com"]
[Date "2024.01.16"]
[Round "11"]
[White "Iball95"]
[Black "Iskusnyh"]
[Result "1-0"]
[WhiteElo "2763"]
[BlackElo "2645"]
[TimeControl "180+1"]
[EndTime "10:08:34 PST"]
[Termination "Iball95 won on time"]

1. e4 e6 2. d4 d5 3. Nc3 Nf6 4.
Bd3 c5 5. Nf3 Nc6 6. exd5 exd5 7. O-O c4 8. Bxc4 dxc4 9. d5 Be7 10.
dxc6 bxc6 11. Ne5 Qxd1 12. Rxd1 Bb7 13. Nxc4 O-O 14. Bg5 h6 15. Bh4 c5 16. Nd6 Bc6 17.
Nf5 Bd8 18. Rxd8 Rfxd8 19. Ne7+ Kf8 20. Nxc6 Rd2 21. Rc1 Re8 22. Kf1 a6 23. Bxf6 gxf6 24. Na5 Rd4 25. Nb3 Rc4 26. Rd1 Rc8 27. Rd6 Rf4 28.
Rxa6 c4 29. Nd2 Rd8 30. Nf3 Rf5 31. Rc6 Rb8 32. Nd1 Rd5 33. Ne3 Ra5 34. b3 Rxa2 35. Rxc4 Rb6 36. g4 Rb2 37. h4 Ra6 38. h5 Rb1+ 39.
Kg2 Raa1 40. Nf5 Ke8 41. Nxh6 1-0

[Event "Early-Titled-Tuesday-Blitz-January-16-2024"]
[Site "Chess.com"]
[Date "2024.01.16"]
[Round "11"]
[White "NM_Antelacus"]
[Black "tigurones"]
[Result "0-1"]
[WhiteElo "2165"]
[BlackElo "2361"]
[TimeControl "180+1"]
[EndTime "10:08:34 PST"]
[Termination "tigurones won by resignation"]

1. e4 c5 2. Nf3 Nc6 3. Bb5 g6 4. O-O Bg7 5. Re1 e5 6. d3 Nge7 7. Be3 d6 8. Nbd2 O-O 9. Nc4 Nd4 10. Ba4 f5 11. Nxd4 cxd4 12. Bg5 h6 13. Bxe7 Qxe7 14.
Bb3 Kh7 15. f4 fxe4 16. fxe5 d5 17. Nd6 Bxe5 18. Nxc8 Qh4 19. g3 Bxg3 20. Re2 Bf2+ 21. Kh1 Raxc8 22. Bxd5 e3 23. Be4 Rc5 24. Qf1 Rf4 25. Bg2 Rh5 26. h3 Qg3 27. c3 Rfh4 28. cxd4 Rxh3+ 29. Bxh3 Rxh3+ 0-1

[Event "Early-Titled-Tuesday-Blitz-January-16-2024"]
[Site "Chess.com"]
[Date "2024.01.16"]
[Round "11"]
[White "Volodar_Murzin"]
[Black "Rud_Makarian"]
[Result "0-1"]
[WhiteElo "2944"]
[BlackElo "3045"]
[TimeControl "180+1"]
[EndTime "10:08:37 PST"]
[Termination "Rud_Makarian won by resignation"]

1. d4 Nf6 2. Nf3 c5 3. d5 b5 4. Bg5 g6 5. Bxf6 exf6 6. e4 b4 7. Nbd2 Bg7 8. Bd3 O-O 9. O-O d6 10. Nc4 Bg4 11. h3 Bxf3 12. Qxf3 Nd7 13. a3 a5 14. Kh1 Ne5 15. Nxe5 fxe5 16. axb4 cxb4 17.
Ra4 Bh6 18. Rfa1 Kg7 19. Bb5 Qb6 20. Bc6 Ra7 21. Qe2 f5 22. f3 fxe4 23. Qxe4 Rf4 24.
Qe2 e4 25. Qb5 Qf2 26. fxe4 Rxe4 27. Rf1 Re1 28. Ra1 Rae7 29. Qd3 Rxa1 30. Rxa1 Re1+ 31. Rxe1 Qxe1+ 32. Kh2 Bf4+ 33. g3 Qf2+ 34. Kh1 Bxg3 0-1

[Event "Early-Titled-Tuesday-Blitz-January-16-2024"]
[Site "Chess.com"]
[Date "2024.01.16"]
[Round "11"]
[White "campochess"]
[Black "Chessbard1972"]
[Result "0-1"]
[WhiteElo "2146"]
[BlackElo "2391"]
[TimeControl "180+1"]
[EndTime "10:08:37 PST"]
[Termination "Chessbard1972 won by resignation"]

1. d4 Nf6 2. Bg5 Ne4 3. h4 h6 4. Bf4 d5 5. f3 Nf6 6. Nd2 c5 7. c3 Nc6 8. e3 Qb6 9. Rb1 Bf5 10. dxc5 Qxc5 11. Nb3 Qb6 12. Bd3 Bxd3 13. Qxd3 e5 14. Bh2 a5 15. Ne2 a4 16. Nd2 Bc5 17. Bg1 O-O 18. Bf2 e4 19. fxe4 dxe4 20. Nxe4 Nxe4 21. Qxe4 Rfe8 22. Qf4 Bxe3 23. Bxe3 Rxe3 24. Rf1 Ne5 25.
Kd1 Rd8+ 26. Nd4 Qg6 27. Qxe3 Qxb1+ 28. Qc1 Qd3+ 29. Ke1 Ng4 30. Rf2 Nxf2 31. Kxf2 Qe4 32. Qd1 Qxh4+ 33. Kg1 Re8 34. Nf3 Qe4 35. Qd7 a3 36.
bxa3 Qc6 37. Qd4 Rc8 38. Ne5 Qxc3 39. Qf4 Qc1+ 40. Qxc1 Rxc1+ 41. Kh2 Rc3 42. Nd7 Rxa3 43. Nc5 b6 44. Nd7 b5 0-1